 Dungeon Crawl Stone Soup version 0.25.0-41-g26779e291d (webtiles) character file.

Game seed: 12641916879746509001

3990 Ijustatesigmund the Cleaver (level 10, -4/111 HPs)
             Began as an Octopode Gladiator on July 10, 2020.
             Slain by an orc warrior
             ... wielding a +1 trident of protection
              (13 damage)
             ... on level 9 of the Dungeon.
             The game lasted 00:18:04 (9051 turns).

Ijustatesigmund the Cleaver (Octopode Gladiator)    Turns: 9051, Time: 00:18:05

Health: -4/111     AC:  3    Str: 15    XL:     10   Next: 22%
Magic:  10/10      EV: 21    Int: 12    God:
Gold:   430        SH:  6    Dex: 14    Spells: 9/9 levels left

rFire    . . .     SeeInvis .   a - +0 broad axe
rCold    . . .     Gourm    .   A - +2 buckler
rNeg     . . .     Faith    .   b - +2 hat
rPois    .         Spirit   .   (no amulet)
rElec    .         Reflect  .   k - ring of flight
rCorr    +         Harm     .   h - +4 ring of evasion
MR       .....                  v - ring of resist corrosion
Stlth    ..........             (no ring)
HPRegen  0.28/turn              (no ring)
MPRegen  0.12/turn              (no ring)
                                (no ring)
                                (no ring)

@: berserking (expiring), very quick
A: almost no armour, stealthy swim, amphibious, 8 rings, constrict 8, camouflage
1, gelatinous body 1
a: Evoke Flight


You were on level 9 of the Dungeon.
You were not hungry.

You visited 2 branches of the dungeon, and saw 10 of its levels.

You collected 430 gold pieces.

Inventory:

Hand Weapons
 a - a +0 broad axe (weapon)
 t - a +2 vorpal flail
 y - a +1 flail of protection
Missiles
 c - 2 throwing nets
 e - 27 poisoned darts (quivered)
Armour
 b - a +2 hat (worn)
 A - a +2 buckler (worn)
Jewellery
 g - an uncursed ring of ice
 h - a +4 ring of evasion (right tentacle)
 k - a ring of flight (left tentacle)
 v - a ring of resist corrosion (on tentacle)
Wands
 r - a wand of flame (40)
 u - a wand of clouds (5)
Scrolls
 f - 4 scrolls of teleportation
 m - 2 scrolls of remove curse
 q - 3 scrolls of amnesia
 w - 3 scrolls of fear
Potions
 i - a potion of might
 j - a potion of brilliance
 l - 2 potions of lignification
 o - 5 potions of curing
 s - 2 potions of mutation {unknown}
 z - a potion of resistance {unknown}
 B - a potion of flight {unknown}
Comestibles
 d - 20 rations
 p - 3 chunks of flesh


   Skills:
 + Level 9.0 Fighting
 + Level 9.3 Axes
 - Level 2.0 Throwing
 - Level 7.5 Dodging
 + Level 2.9 Stealth
 + Level 1.9 Shields


You had 9 spell levels left.
You didn't know any spells.
Your spell library contained the following spells:

 Spells                   Type           Power        Failure   Level  Hunger
 Beastly Appendage        Tmut           #.....       38%         1    ##.....
 Foxfire                  Conj/Fire      #...         38%         1    ##.....
 Magic Dart               Conj           #...         38%         1    ##.....
 Searing Ray              Conj           #.....       54%         2    ###....
 Sticks to Snakes         Tmut           #.......     54%         2    ###....
 Conjure Flame            Conj/Fire      #.......     77%         3    ####...
 Dazzling Flash           Conj/Hex       #.....       77%         3    ####...
 Inner Flame              Hex/Fire       #.......     77%         3    ####...
 Spider Form              Tmut/Pois      #.........   77%         3    ####...
 Fulminant Prism          Conj/Hex       #.........   99%         4    #####..
 Ice Form                 Ice/Tmut       #.......     99%         4    #####..
 Iskenderun's Mystic Bla  Conj/Tloc      #.......     99%         4    #####..
 Sticky Flame             Conj/Fire      #.......     99%         4    #####..
 Blade Hands              Tmut           #.........   100%        5    ######.
 Fireball                 Conj/Fire      #.........   100%        5    ######.


Dungeon Overview and Level Annotations

Branches:
Dungeon (9/15)             Temple (1/1) D:4             Orc (0/2) D:9
   Lair: D:8-11

Altars:
Ashenzari
Cheibriados
Dithmenos
Elyvilon
Fedhas
Gozag
Hepliaklqana
Kikubaaqudgha
Makhleb
Nemelex Xobeh
Okawaru
Qazlal
Ru
Sif Muna
Trog
Uskayaw
Vehumet
Wu Jian
Xom
Yredelemnul
Zin
The Shining One

Shops:
D:9 (

Portals:
Bailey: D:9


Innate Abilities, Weirdness & Mutations

You cannot wear most types of armour.
You are very stealthy in the water. (Stealth+)
You are amphibious.
You can wear up to eight rings at the same time.
You can use your tentacles to constrict eight enemies at once.
Your skin changes colour to match your surroundings (Stealth+).
Your rubbery body absorbs attacks. (AC +1, EV +1)


Message History

The orc warrior hits you from afar with a +1 trident of protection.
You block the troll's attack. The troll claws you.
You block the troll's attack.
You slash the troll!
The troll is severely wounded.
The orc warrior hits you from afar with a +1 trident of protection!!
* * * LOW HITPOINT WARNING * * *
You slash the troll!
You kill the troll!
Your Fighting skill increases to level 9!
The orc warrior hits you from afar with a +1 trident of protection!
* * * LOW HITPOINT WARNING * * *
Items here: ))) [[ †† You barely miss the orc warrior.
You grab the orc warrior. You constrict the orc warrior.
The orc warrior completely misses you.
You hit the orc warrior. You squeeze the orc warrior!
The orc warrior is heavily wounded.
You constrict the orc warrior.
The orc warrior hits you with a +1 trident of protection!
You die...

#########
#......... ### .)
#..=...... #.# .#
#$...$$... #.# ..##
#......... #.#
..#####.....∩.$.
8.#
#.#.....).......
#.#
#.#.###.)...>...
#.#
###...###.@o....$.
#.#
#.......#.........
8.#
##.#####.#.........
#.####..#
.......$...
#.##...##
##.........
.....### #.........
...........
...#######
.#...)##### ##.#
......#


You could see an orc warrior.

Vanquished Creatures
  A cyclops (D:6)
  Maggie (D:7)
  A tengu conjurer (D:6)
  A troll (D:9)
  Grinder (D:3)
  A sky beast (D:7)
  4 orc warriors
  3 ice beasts
  A phantom (D:5)
  4 ogres
  2 centaurs
  Blork the orc (D:5)
  3 bullfrogs
  2 big kobolds (D:8)
  A scorpion (D:4)
  A howler monkey (D:9)
  4 crimson imps
  7 orc priests
  A bullfrog zombie (D:6)
  2 hounds
  3 orc wizards
  5 worker ants
  2 hound zombies
  4 hound skeletons
  9 adders
  2 shadow imps
  4 oozes
  2 worms (D:5)
  3 dart slugs
  4 leopard geckos
  44 orcs
  3 ball pythons
  4 giant cockroaches
  6 goblins
  5 hobgoblins
  7 jackals
  A quokka (D:6)
  7 bats
  4 frilled lizards
  16 kobolds
  2 leopard gecko skeletons
  8 rats
187 creatures vanquished.

Notes
Turn   | Place    | Note
-------+----------+-------------------------------------------
     0 | D:1      | Ijustatesigmund the Octopode Gladiator began the quest for
                  | the Orb.
     0 | D:1      | Reached XP level 1. HP: 14/14 MP: 1/1
   122 | D:1      | Reached XP level 2. HP: 14/20 MP: 2/2
   609 | D:1      | Reached XP level 3. HP: 25/25 MP: 3/3
   832 | D:1      | Found a sparkling altar of Nemelex Xobeh.
  1321 | D:2      | Reached XP level 4. HP: 31/31 MP: 4/4
  1583 | D:3      | Found a hide-covered altar of Uskayaw.
  1682 | D:3      | Found a shadowy altar of Dithmenos.
  1682 | D:3      | Found a blossoming altar of Fedhas.
  1682 | D:3      | Found an ornate altar of the Wu Jian Council.
  1682 | D:3      | Found a shimmering blue altar of Sif Muna.
  1682 | D:3      | Found a bloodstained altar of Trog.
  1682 | D:3      | Found an iron altar of Okawaru.
  1708 | D:3      | Reached XP level 5. HP: 35/37 MP: 5/5
  2349 | D:3      | Reached skill level 5 in Axes
  2433 | D:3      | Noticed Grinder
  2445 | D:3      | Killed Grinder
  2445 | D:3      | Reached skill level 5 in Fighting
  2445 | D:3      | Reached XP level 6. HP: 20/45 MP: 6/6
  2963 | D:4      | Found a stormy altar of Qazlal.
  3209 | D:4      | Reached XP level 7. HP: 40/50 MP: 7/7
  3513 | D:4      | Found a sacrificial altar of Ru.
  3860 | D:4      | Found a staircase to the Ecumenical Temple.
  3936 | Temple   | Entered the Ecumenical Temple
  4178 | D:5      | Entered Level 5 of the Dungeon
  4405 | D:5      | Found a hazy altar of Hepliaklqana.
  4426 | D:5      | Noticed Blork the orc
  4435 | D:5      | Killed Blork the orc
  4548 | D:5      | Found a shimmering blue altar of Sif Muna.
  4757 | D:5      | Reached XP level 8. HP: 9/57 MP: 8/8
  5167 | D:5      | You fall into a shaft and drop 2 floors!
  5647 | D:6      | Reached skill level 5 in Dodging
  6444 | D:6      | Noticed a tengu conjurer
  6445 | D:6      | Noticed a cyclops
  6449 | D:6      | Killed a tengu conjurer
  6449 | D:6      | Reached XP level 9. HP: 50/64 MP: 9/9
  6458 | D:6      | Killed a cyclops
  7633 | D:7      | Noticed Maggie
  7647 | D:7      | Killed Maggie
  8193 | D:8      | Reached XP level 10. HP: 73/73 MP: 10/10
  8362 | D:8      | Reached skill level 1 in Stealth
  8494 | D:8      | Reached skill level 1 in Shields
  8596 | D:8      | Found a glowing silver altar of Zin.
  8597 | D:8      | Found an opulent altar of Gozag.
  8679 | D:8      | Found a basalt altar of Yredelemnul.
  8745 | D:8      | Found a snail-covered altar of Cheibriados.
  8993 | D:9      | Found a flagged portal.
  9035 | D:9      | Found a staircase to the Orcish Mines.
  9035 | D:9      | Found Fead Ufo's Weapon Shoppe.
  9051 | D:9      | Slain by an orc warrior

Illustrated notes

Levels and vault maps discovered:
D:1:      dpeg_arrival_solitude, layout_basic, nemelex_altar_shiori
D:2:      layout_basic, first_ration, kennysheep_generic_room_14
D:3:      layout_rooms, lemuel_doored_altar, grunt_temple_overflow_open,
          uniq_grinder
D:4:      layout_gridville, nicolae_overflow_crystal_walls,
          grunt_qazlal_sundering, minmay_temple_entry_statues
D:5:      layout_loops_cross, basic_altar, tgw_sif
D:6:      wad_guarded_room, layout_basic, interstate_on_off
D:7:      layout_cave_pools, uniq_maggie
D:8:      layout_cave_pools, grunt_temple_overflow_gold_and_silver,
          nicolae_overflow_hidden_temple, yredelemnul_altar_generic,
          blue_anna_alchemist [blue_anna_fruit_fields, blue_anna_fruit_fields]
D:9:      layout_rooms, orc_david_3, enter_bailey_8, kennysheep_diamond
Temple:   compressed_dpeg_triangle_lava_temple

Skill      XL: |  1  2  3  4  5  6  7  8  9 10 |
---------------+-------------------------------+-----
Fighting       | 3 5 6 7 8 9 |  9.0
Axes           | 4 5 6 7 9 |  9.3
Dodging        | 4 6 7 |  7.5
Stealth        | 2 |  2.9
Shields        | 1 |  1.9
Throwing       | |  2.0

Action                   |  1- 3 |  4- 6 |  7- 9 | 10-12 || total
-------------------------+-------+-------+-------+-------++-------
Melee: War axe           |    47 |    18 |       |       ||    65
       Constrict         |     9 |    21 |    40 |    11 ||    81
       Tentacles         |     6 |    12 |    57 |    14 ||    89
       Broad axe         |       |    61 |   222 |    40 ||   323
Throw: Throwing net      |       |     3 |       |       ||     3
       Dart              |       |       |    17 |       ||    17
Evoke: Wand              |       |       |     4 |       ||     4
  Use: Scroll            |     5 |     4 |     4 |     5 ||    18
       Potion            |       |     3 |     5 |     1 ||     9
 Stab: Sleeping          |     3 |     1 |     8 |     2 ||    14
       Distracted        |       |     1 |       |       ||     1
       Confused          |       |       |     1 |       ||     1
  Eat: Chunk             |     1 |     6 |    13 |     2 ||    22
       Ration            |       |       |     1 |       ||     1
Armor: Skin              |     1 |    19 |     9 |     4 ||    33
Dodge: Dodged            |    58 |   125 |   172 |    32 ||   387
Block: Buckler           |       |       |       |    15 ||    15
